 Dungeon Crawl Stone Soup version 0.21-a0-480-g5da0f0d (webtiles) character file.

722 slep the Slasher (level 7, -1/60 HPs)
             Began as a Minotaur Gladiator on Nov 23, 2017.
             Slain by Blork the orc
             ... wielding a +0 dire flail
              (9 damage)
             ... on level 4 of the Dungeon.
             The game lasted 00:14:26 (2982 turns).

slep the Slasher (Minotaur Gladiator)               Turns: 2982, Time: 00:14:27

Health: -1/60      AC:  8    Str: 19    XL:     7   Next: 43%
Magic:  0/6        EV: 14    Int:  6    God:
Gold:   181        SH:  0    Dex: 12    Spells: 6/6 levels left

rFire    . . .     SeeInvis .   H - +0 battleaxe
rCold    . . .     Gourm    .   (shield currently unavailable)
rNeg     + . .     Faith    .   x - +2 leather armour {rN+}
rPois    .         Spirit   +   c - +0 hat
rElec    .         Reflect  .   (no cloak)
rCorr    .         Harm     .   (no gloves)
MR       .....     Rnd*Tele +   v - +2 pair of boots {Fly}
Stlth    +.........             n - amulet of guardian spirit
HPRegen  0.20/turn              g - ring of teleportation (curse)
MPRegen  0.10/turn              q - ring of flight

@: flying
A: retaliatory headbutt, horns 2
a: Stop Flying


You were on level 4 of the Dungeon.
You were hungry.

You visited 1 branch of the dungeon, and saw 5 of its levels.

You collected 181 gold pieces.

Inventory:

Hand Weapons
 a - a +0 long sword
 H - a +0 battleaxe (weapon)
Missiles
 d - 2 throwing nets (quivered)
 y - 3 tomahawks
 K - 13 poisoned needles
Armour
 b - a +0 leather armour
 c - a +0 hat (worn)
 t - a +0 pair of boots
 v - a +2 pair of boots of flying (worn)
 w - a +0 scale mail
 x - a +2 leather armour of positive energy (worn)
 A - a cursed +0 leather armour
Jewellery
 g - a cursed ring of teleportation (left hand)
 n - an amulet of guardian spirit (around neck)
 q - a ring of flight (right hand)
Scrolls
 e - 3 scrolls of remove curse {unknown}
 p - 2 scrolls of amnesia {unknown}
 r - 3 scrolls of identify {unknown}
 s - 2 scrolls of teleportation {unknown}
 z - 2 scrolls of random uselessness {unknown}
 B - a scroll of fear {unknown}
 C - a scroll of magic mapping {unknown}
 E - 2 scrolls of enchant weapon {unknown}
 F - a scroll of enchant armour {unknown}
Potions
 h - a potion of resistance {unknown}
 i - a potion of flight {unknown}
 j - 3 potions of curing {unknown}
 m - 3 potions of degeneration {unknown}
 o - a potion of agility {unknown}
 u - a potion of lignification {unknown}
 D - a potion of brilliance {unknown}
 I - a potion of magic {unknown}
 J - a potion of heal wounds {unknown}
Comestibles
 f - 4 bread rations
 k - 9 royal jellies
 l - a meat ration


   Skills:
 + Level 4.9 Fighting
 + Level 7.4 Long Blades
 + Level 0.9 Axes
 + Level 2.2 Throwing
 + Level 3.2 Armour
 + Level 4.9 Dodging
 + Level 1.1 Stealth


You had 6 spell levels left.
You didn't know any spells.

Dungeon Overview and Level Annotations

Branches:
Dungeon (5/15)
 Temple: D:4-7

Altars:
Dithmenos
Fedhas
Hepliaklqana
Nemelex Xobeh
Vehumet
Wu Jian
Xom
Zin

Annotations:
D:4 Blork the orc
D:5 Edmund


Innate Abilities, Weirdness & Mutations

You reflexively headbutt those who attack you in melee.
You have a pair of horns on your head.


Message History

The gnoll is almost dead.
You hit something. The gnoll misses you. Something hits you!
The gnoll hits you with a flail!
* * * LOW HITPOINT WARNING * * *
The gnoll barely misses you.
You hear some strange, mumbled words.
The gnoll barely misses you. x2
You fly upwards.
There is a stone staircase leading down here.
You slash the gnoll!
You kill the gnoll!
You closely miss something.
You hear some strange, mumbled words.
A puff of flame appears from out of thin air!
The puff of flame hits you!
* * * LOW HITPOINT WARNING * * *
You hear some strange, mumbled words.
A puff of flame appears from out of thin air!
The puff of flame misses you. Something hits you!
You die...

#.###
#..............## #.#
#...##.#.......## ###
#...#....#.....##
#......###.....#
####.#.........##
######.####......#P
#........###....##.
#).......###....#P.
#.@.........#...#..
#####..#####.....'.⌠
####.....## ###...#.P
#....#..## #...#..
##.##...## #...##.
#..##.### ###.....#
##..#.# #........
##.#.# #####..#.....
#...######............


There were no monsters in sight!

Vanquished Creatures
  A phantom (D:4)
  2 ogres (D:3)
  A scorpion (D:4)
  3 hounds
  2 centaur skeletons (D:4)
  3 orc priests (D:3)
  A worker ant (D:4)
  A hound skeleton (D:5)
  A gnoll (D:4)
  2 adders
  An adder zombie (D:4)
  5 dart slugs
  4 worms
  2 leopard geckos
  8 orcs
  4 bats
  4 giant cockroaches
  7 goblins
  8 hobgoblins
  5 jackals
  2 quokkas
  A ball python (D:2)
  8 frilled lizards
  4 kobolds
  A leopard gecko skeleton (D:4)
  13 rats
94 creatures vanquished.

Notes
Turn   | Place    | Note
-------+----------+-------------------------------------------
     0 | D:1      | slep the Minotaur Gladiator began the quest for the Orb.
     0 | D:1      | Reached XP level 1. HP: 18/18 MP: 0/0
   216 | D:1      | Reached skill level 4 in Long Blades
   216 | D:1      | Reached XP level 2. HP: 25/25 MP: 1/1
   551 | D:2      | Found a blossoming altar of Fedhas.
   555 | D:2      | Reached XP level 3. HP: 30/30 MP: 2/2
   645 | D:2      | Reached skill level 1 in Armour
   646 | D:2      | Reached XP level 4. HP: 23/38 MP: 1/3
   648 | D:2      | Found a sparkling altar of Nemelex Xobeh.
   648 | D:2      | Found a glowing silver altar of Zin.
   750 | D:2      | Found a shimmering altar of Xom.
  1052 | D:3      | Reached XP level 5. HP: 31/45 MP: 2/4
  1200 | D:3      | Reached skill level 5 in Long Blades
  1425 | D:4      | Found a hazy altar of Hepliaklqana.
  1430 | D:4      | Found a radiant altar of Vehumet.
  1454 | D:4      | Noticed an ogre
  1454 | D:4      | Noticed an ogre
  1464 | D:4      | HP: 2/45 [ogre/giant spiked club (10)]
  2429 | D:3      | Killed an ogre
  2429 | D:3      | Reached XP level 6. HP: 35/52 MP: 2/5
  2501 | D:3      | Reached skill level 6 in Long Blades
  2501 | D:3      | Reached skill level 1 in Stealth
  2534 | D:4      | Reached XP level 7. HP: 52/60 MP: 6/6
  2626 | D:4      | Found an ornate altar of the Wu Jian Council.
  2732 | D:4      | Reached skill level 7 in Long Blades
  2959 | D:5      | Entered Level 5 of the Dungeon
  2967 | D:5      | Noticed Edmund
  2967 | D:5      | Noticed Blork the orc
  2968 | D:5      | Found a shadowy altar of Dithmenos.
  2982 | D:4      | Slain by Blork the orc

Vault maps used:
D:1:      scummos_arrival_star
D:2:      zin_academy, nicolae_overflow_hidden_temple, old_standard_altar,
          first_bread, palyth_stone_intersect, grunt_ministairs_4,
          fedhas_altar_1
D:4:      gammafunk_temple_overflow_forgotten
D:5:      nicolae_dithmenos_through_a_glass_darkly, st_stairs_4,
          grunt_qazlal_sundering, uniq_edmund, uniq_blork_the_orc, uniq_sigmund,
          uniq_crazy_yiuf_cottage

Skill      XL: |  1  2  3  4  5  6  7 |
---------------+----------------------+-----
Long Blades    | 4 5 6 7 |  7.4
Dodging        | 4 |  4.9
Fighting       | 3 4 |  4.9
Armour         | 1 2 3 |  3.2
Stealth        | 1 |  1.1
Axes           | |  0.9
Throwing       | |  2.2

Action                   |  1- 3 |  4- 6 |  7- 9 || total
-------------------------+-------+-------+-------++-------
Melee: Long sword        |    52 |   133 |     5 ||   190
       Headbutt          |     9 |    30 |     7 ||    46
       Battleaxe         |       |       |    27 ||    27
Throw: Throwing net      |       |     1 |       ||     1
 Stab: Sleeping          |     1 |       |       ||     1
  Eat: Chunk             |       |     4 |     2 ||     6
Armor: Leather armour    |     8 |    28 |    10 ||    46
       Scale mail        |       |    31 |       ||    31
Dodge: Dodged            |    42 |    89 |    40 ||   171
       Rpst.: Long sword |     7 |    27 |     1 ||    35

Table legend:
 A = Spawn XP
 B = Non-spawn XP
 C = Spawn XP percentage of total XP
 D = Spawn monster count
 E = Non-spawn monster count
 F = Spawn count percentage of total count
 G = Total turns spent on level
                    A         B        C        D         E        F      G
               +---------+---------+-------+---------+---------+-------+---------
         Total |       0 |    1032 |   0.0 |       0 |      94 |   0.0 |  2982
               +---------+---------+-------+---------+---------+-------+---------
           D:1 |       0 |      34 |   0.0 |       0 |      18 |   0.0 |   547
           D:2 |       0 |     101 |   0.0 |       0 |      30 |   0.0 |  1005
           D:3 |       0 |     424 |   0.0 |       0 |      28 |   0.0 |   870
           D:4 |       0 |     452 |   0.0 |       0 |      16 |   0.0 |   538
           D:5 |       0 |      21 |   0.0 |       0 |       2 |   0.0 |    22
               +---------+---------+-------+---------+---------+-------+---------
